 Dungeon Crawl Stone Soup version 0.32-a0-427-g448f42529f (webtiles) character file.

Game seed: 9102560950555554961

276636 Zing the Stormcaller (level 19, 0/136 HPs)
             Began as a Yellow Draconian Air Elementalist on Feb 22, 2024.
             Was an Elder of Ashenzari.
             Killed from afar by a starcursed mass (19 damage)
             ... with an accursed screaming
             ... on level 3 of the Abyss.
             The game lasted 02:23:05 (56455 turns).

Zing the Stormcaller (DrAE)                        Turns: 56455, Time: 02:23:06

Health: 0/136      AC: 19    Str: 17    XL:     19   Next: 58%
Magic:  25/36      EV: 23    Int: 23    God:    Ashenzari [****..]
Gold:   2026       SH:  0    Dex: 18    Spells: 4/44 levels left

rFire   + . .        F - +10 morningstar "Eos" {elec, Halo rElec}
rCold   + . .        N - +1 buckler
rNeg    . . .        (body armour unavailable)
rPois   .            P - +2 hat of the Mantic Sky {Str+3, Fort, Sorc} (curse)
rElec   +            q - +0 cloak of the Wild Blue Yonder {Will+, Fort, Melee} (curse)
rCorr   +            a - +1 pair of gloves {Str+3}
SInv    +            C - -1 pair of boots "Chained Monotheism" {^Contam rC++ Dex+3, Dev, Self} (curse)
Will    ++...        y - amulet "Circumscribed With Me" {Regen+, Melee, Sorc} (curse)
Stlth   +            U - ring of the Mage {Wiz Archmagi, Elem, Sorc} (curse)
HPRegen 0.00/turn    t - ring "Affliction of Ashenzari" {rElec rF+ rC- AC+4 Dex+7, Elem, Cun} (curse)
MPRegen 0.25/turn

%: clarity, wizardry (x1), archmagi
@: confused, about to teleport, ambrosia-drunk, sick, glowing
A: spit acid, AC +10, unfitting armour, acidic bite, cold-blooded, acid
resistance, deterioration 2, subdued magic 1, [clumsy 2], [frail 2]
}: 2/15 runes: decaying, gossamer
a: Breathe Acid, Renounce Religion, Curse Item, Shatter the Chains


You were on level 3 of the Abyss.
You worshipped Ashenzari.
Ashenzari was greatly pleased with you.
You visited 7 branches of the dungeon, and saw 34 of its levels.
You visited the Abyss 1 time.
You also visited: Ice Cave and Desolation.

You collected 2938 gold pieces.
You spent 912 gold pieces at shops.

Inventory:

Hand Weapons
 F - the +10 morningstar "Eos" (weapon) {elec, Halo rElec}
   (You found it in the Desolation of Salt)

   Halo:      It grants its wielder a halo, revealing invisible creatures and
   increasing accuracy against all within it other than the wielder.
   rElec:     It insulates you from electricity.
 L - the +8 frozen axe "Frostbite" {freeze, freezing cloud, *Noise Fly rC+}
   (You found it in an ice cave)

   rC+:       It protects you from cold.
   Fly:       It grants you flight.
   *Noise:    It may make a loud noise when swung.
Armour
 a - a +1 pair of gloves of strength (worn)
 e - an orb of wrath
 q - the cursed +0 cloak of the Wild Blue Yonder (worn) {Will+, Fort, Melee}
   (You took it off Crazy Yiuf on level 5 of the Dungeon)

   It has a curse which improves the following skills: Fortitude: Shields.
   Melee Combat: Short Blades, Long Blades, Axes, Maces & Flails, Polearms,
   Staves and Unarmed Combat.
 C - the cursed -1 pair of boots "Chained Monotheism" (worn) {^Contam rC++ Dex+3, Dev, Self}
   (You acquired it on level 9 of the Dungeon)

   Dex+3:     It affects your dexterity (+3).
   rC++:      It greatly protects you from cold.
   ^Contam:   It causes magical contamination when unequipped.
   It has a curse which improves the following skills: Devices: Evocations and
   Shapeshifting.
   Introspection: Fighting and Spellcasting.
 N - a +1 buckler (worn)
 P - the cursed +2 hat of the Mantic Sky (worn) {Str+3, Fort, Sorc}
   (You found it in an ice cave)

   Str+3:     It affects your strength (+3).
   It has a curse which improves the following skills: Fortitude: Shields.
   Sorcery:   Conjurations and Alchemy.
Jewellery
 g - a ring of positive energy
 t - the cursed ring "Affliction of Ashenzari" (right hand) {rElec rF+ rC- AC+4 Dex+7, Elem, Cun}
   (You acquired it on level 8 of the Dungeon)

   [ring of protection]

   AC+4:      It affects your AC (+4).
   Dex+7:     It affects your dexterity (+7).
   rF+:       It protects you from fire.
   rC-:       It makes you vulnerable to cold.
   rElec:     It insulates you from electricity.
   It has a curse which improves the following skills: Elements: Fire Magic, Ice
   Magic, Air Magic and Earth Magic.
   Cunning:   Dodging and Stealth.
 u - a ring of see invisible
 w - a ring of protection from cold
 x - a ring of flight
 y - the cursed amulet "Circumscribed With Me" (around neck) {Regen+, Melee, Sorc}
   (You found it on level 7 of the Dungeon)

   [amulet of regeneration]

   Regen+:    It increases your rate of health regeneration.
   It has a curse which improves the following skills: Melee Combat: Short
   Blades, Long Blades, Axes, Maces & Flails, Polearms, Staves and Unarmed
   Combat.
   Sorcery:   Conjurations and Alchemy.
 z - an amulet of guardian spirit
 I - a ring of ice
 U - the cursed ring of the Mage (left hand) {Wiz Archmagi, Elem, Sorc}
   (You bought it in a shop on level 2 of the Orcish Mines)

   [ring of wizardry]

   Wiz:       It improves your spell success rate.
   Archmagi:  It increases the power of your magical spells.
   It has a curse which improves the following skills: Elements: Fire Magic, Ice
   Magic, Air Magic and Earth Magic.
   Sorcery:   Conjurations and Alchemy.
 V - an amulet of the acrobat
 X - an amulet of magic regeneration
 Z - a ring of protection from fire
Talismans
 W - the serpent talisman of Gravity {Will++}
   (You took it off Aizul on level 1 of the Spider Nest)

   [serpent talisman]

   Will++:    It greatly increases your willpower.
Wands
 c - a wand of digging (18)
 l - a wand of mindburst (26)
 p - a wand of charming (6)
 A - a wand of quicksilver (27)
 G - a wand of flame (59)
 K - a wand of iceblast (16)
 R - a wand of polymorph (15)
Scrolls
 b - a scroll of amnesia
 h - 5 scrolls of revelation
 i - 5 scrolls of fear
 j - 19 scrolls of identify
 n - a scroll of teleportation
 D - 3 scrolls of blinking
 J - 2 scrolls of brand weapon
 M - 3 scrolls of butterflies
 Q - 3 scrolls of fog
 S - 5 scrolls of poison
 T - 7 scrolls of enchant weapon
Potions
 d - 4 potions of brilliance
 f - 4 potions of mutation
 k - 2 potions of heal wounds
 m - 6 potions of might
 o - a potion of enlightenment
 r - 4 potions of ambrosia
 s - 3 potions of haste
 B - 9 potions of curing
 H - 5 potions of magic
 Y - a potion of cancellation


   Skills:
 + Level 13.8(15.5) Fighting
 - Level 6.0(10.7) Axes
 + Level 9.9(13.1) Maces & Flails
 * Level 16.0(17.7) Dodging
 - Level 1.8(3.2) Stealth
 + Level 6.5(9.2) Shields
 + Level 11.6(13.4) Spellcasting
 * Level 17.3(20.7) Conjurations
 * Level 17.5(20.0) Air Magic


You had 4 spell levels left.
You knew the following spells:

 Your Spells              Type           Power      Damage    Failure   Level
a - Shock                 Conj/Air       100%       1d9       0%          1
b - Static Discharge      Conj/Air       100%       3-8/arc   0%          2
c - Swiftness             Air            90%        N/A       0%          3
d - Airstrike             Air            45%        2d(7-23)  0%          4
e - Stone Arrow           Conj/Erth      100%       3d13      1%          3
f - Conjure Ball Lightni  Conj/Air       45%        3x3d16    1%          6
g - Hailstorm             Conj/Ice       65%        3d12      1%          3
h - Mephitic Cloud        Conj/Alch/Air  74%        N/A       0%          3
i - Freezing Cloud        Conj/Ice/Air   37%        6-21      1%          5
j - Orb of Destruction    Conj           45%        9d12      1%          7
k - Fugue of the Fallen   Necr           17%        N/A       4%          3

Your spell library contained the following spells:

 Spells                   Type           Power      Damage    Failure   Level
 Foxfire                  Conj/Fire      100%       2x1d9     1%          1
 Freeze                   Ice            76%        1d8       1%          1
 Sandblast                Erth           38%        2d10      1%          1
 Slow                     Hex            68%        N/A       1%          1
 Cigotuvi's Dreadful Rot  Necr/Alch/Air  100%       N/A       1%          2
 Mercury Vapours          Alch/Air       100%       N/A       1%          2
 Scorch                   Fire           38%        2d6       1%          2
 Brom's Barrelling Bould  Conj/Erth      65%        2d8       1%          4
 Flame Wave               Conj/Fire      65%        2d15      1%          4
 Fulminant Prism          Conj/Alch      32%        3d16      1%          4
 Iskenderun's Mystic Bla  Conj/Tloc      64%        2d13      1%          4
 Ensorcelled Hibernation  Hex/Ice        36%        N/A       2%          2
 Confusing Touch          Hex            17%        N/A       4%          3
 Frozen Ramparts          Ice            38%        1d6       4%          3
 Inner Flame              Hex/Fire       18%        N/A       4%          3
 Ozocubu's Armour         Ice            19%        N/A       4%          3
 Passwall                 Erth           19%        N/A       4%          3
 Sigil of Binding         Hex            17%        N/A       4%          3
 Vampiric Draining        Necr           17%        2d7       4%          3
 Volatile Blastmotes      Fire/Tloc      36%        2d13      4%          3
 Sticky Flame             Fire/Alch      20%        2d6       13%         4
 Anguish                  Hex/Necr       8%         N/A       16%         4
 Cause Fear               Hex            8%         N/A       16%         4
 Dispel Undead            Necr           17%        3d10      16%         4
 Manifold Assault         Tloc           17%        N/A       16%         4
 Iskenderun's Battlesphe  Conj           91%        2d14      0%          5
 Fireball                 Conj/Fire      32%        3d14      1%          5
 Metabolic Englaciation   Hex/Ice        9%         N/A       38%         5
 Sculpt Simulacrum        Ice/Alch       10%        N/A       89%         6
 Dispersal                Tloc           8%         N/A       92%         6
 Summon Cactus Giant      Summ           8%         N/A       92%         6
 Enfeeble                 Hex            8%         N/A       100%        7
 Malign Gateway           Summ/Tloc      8%         N/A       100%        7
 Disjunction              Tloc           8%         N/A       100%        8
 Dragon's Call            Summ           8%         N/A       100%        9


Dungeon Overview and Level Annotations

Branches:
Dungeon (15/15)            Temple (1/1) D:4            Lair (5/5) D:11
  Swamp (4/4) Lair:3       Spider (4/4) Lair:3        Slime (0/5) Lair:4
    Orc (2/2) D:12            Elf (3/3) Orc:2        Vaults (0/5) D:13
  IceCv (visited)         Desolation (visited)
 Depths: D:15

Altars:
Ashenzari
Cheibriados
Dithmenos
Elyvilon
Fedhas
Gozag
Hepliaklqana
Kikubaaqudgha
Makhleb
Nemelex Xobeh
Okawaru
Qazlal
Ru
Sif Muna
Trog
Uskayaw
Vehumet
Wu Jian
Xom
Yredelemnul
Zin
The Shining One
Beogh
Jiyva

Shops:
D:1 !   D:4 *:?*   D:6 [   D:8 :   D:10 *   D:11 [*[   D:13 *   Orc:1 [
Orc:2 (=*?   Elf:2 :   Elf:3 :(

Annotations:
D:13 Erolcha
Lair:4 1 runed translucent door
Spider:4 2 transporters, kosmolit's ghost, adept MiBe


Innate Abilities, Weirdness & Mutations

You can spit globs of acid.
Your golden yellow scales are hard. (AC +10)
You cannot fit into any form of body armour.
You have acidic saliva.
You are cold-blooded and may be slowed by cold attacks.
You are resistant to acid. (rCorr)
Your body often deteriorates upon taking damage.
Your spells are a little easier to cast, but a little less powerful.
[You are very clumsy. (Dex -4)]
[You are very frail. (-20% HP)]


Message History

Unknown command.
You hit the raiju but do no damage.
Your tail-slap misses the raiju.
The wailing of tortured souls fills the air!
The starcursed mass completely misses you.
A deafening chorus of shrieks assaults your mind!
* * * LOW HITPOINT WARNING * * *
A starcursed mass splits.
Unknown command.
You impale the raiju!! You tail-slap the raiju. Your bite misses the raiju.
The raiju is almost dead.
The wailing of tortured souls fills the air!
The raiju bites you but does no damage.
A deafening chorus of shrieks assaults your mind!
* * * LOW HITPOINT WARNING * * *
You suddenly lose the ability to move!
The starcursed mass touches you but does no damage. x4
Your fugue has ended.
The raiju bites you but does no damage.
A starcursed mass splits.
The starcursed mass touches you but does no damage. x3
You can move again.
You are confused.
You feel invigorated. The raiju completely misses you.
A cacophony of accursed wailing tears at your sanity!
* * * LOW HITPOINT WARNING * * *
The starcursed mass closely misses you.
A starcursed mass splits. x2
The starcursed mass misses you.
A starcursed mass splits.
Unknown command.
The raiju bites you but does no damage.
The starcursed mass touches you but does no damage.
The starcursed mass barely misses you. The starcursed mass misses you.
The starcursed mass completely misses you. x2
Unknown command.
The starcursed mass touches you!
* * * LOW HITPOINT WARNING * * *
The raiju barely misses you. The starcursed mass misses you.
The starcursed mass closely misses you. The starcursed mass misses you.
The starcursed mass touches you.
* * * LOW HITPOINT WARNING * * *
A cacophony of accursed wailing tears at your sanity!
You die...

* ,**,*,*,*,,*,,**,,,
*, *,.*......,..#*.***
.. .
..............#**, ,.
....,.........#.* ** .
.......,,.......####,
.....
#,..#,*.........., ,
..##
#,..####X........, ..
. ..........X#XX....#,
. .
........XX@XX....., .
. .*......XXh.#####,
....#..##.#..XX.#****,
..#. ..##.#.....#,**,,
. #. ..
###*###...#...*,,
......,#,,*.......#,,,
.
....,.,,..........#,*
..
.,...,.,#..#......,, .
. ....,,,..,.,#,,.,,,


You could see 12 starcursed masses and a raiju.

Vanquished Creatures
  A deep elf blademaster (Elf:3)
  2 deep elf master archers
  3 thorn hunters (Swamp:4)
  Kirke (Lair:4)
  Roxanne (Spider:4)
  Aizul (Spider:1)
  6 emperor scorpions
  3 imperial myrmidons (Desolation)
  3 fenstrider witches (Swamp:3)
  3 ghost moths
  2 deep elf sorcerers
  A cacodemon (Abyss:3)
  An orc warlord (Orc:2)
  A broodmother (Spider:1)
  2 ghouls (Swamp:4)
  4 deep elf demonologists
  Nessos (Lair:4)
  A war gargoyle (Desolation)
  5 eleionomae
  8 bunyips
  A deep elf death mage (Elf:3)
  8 deep elf annihilators
  2 spark wasps
  A halazid warlock (Desolation)
  Azrael (Elf:1)
  2 blizzard demons (IceCv)
  5 entropy weavers
  A crystal guardian (Desolation)
  3 ragged hierophants (Desolation)
  A shambling mangrove (Swamp:4)
  4 deep elf high priests
  5 servants of whispers (Desolation)
  An ice dragon (Spider:2)
  19 hydras
  2 radroaches (Spider:2)
  Fannar (D:10)
  3 catoblepae (Lair:5)
  6 peacekeepers (Desolation)
  6 alligators
  A centaur warrior (D:13)
  3 boulder beetles
  4 ghost crabs
  Erica (D:8)
  25 dancing weapons
  7 two-headed ogres
  4 jorogumos
  Urug (D:13)
  5 death yaks (Lair:5)
  6 demonic crawlers
  A spriggan berserker (Swamp:1)
  5 orc high priests (Orc:2)
  17 deep elf knights
  14 spriggans
  Amaemon (D:9)
  A wretched star (Abyss:3)
  5 pharaoh ants
  5 goliath frogs
  A death drake (Swamp:3)
  7 spriggan druids
  8 bog bodies
  4 spriggan simulacra (IceCv)
  11 orb spiders
  2 spectral hydras (Swamp:4)
  An obsidian statue (IceCv)
  14 deep elf archers
  A lindwurm (Lair:5)
  2 sun moths
  7 swamp dragons
  9 steelbarb worms
  2 ironbound convokers (Desolation)
  2 phantasmal warriors (Swamp:4)
  26 deep elf pyromancers
  28 deep elf zephyrmancers
  4 orc knights (Orc:2)
  An ugly thing (D:12)
  3 oklob plants (Swamp:4)
  18 wolf spiders
  3 manticores
  6 orc sorcerers
  A worldbinder (Abyss:3)
  A moth of wrath (Spider:3)
  2 will-o-the-wisps
  A rust devil (Abyss:3)
  7 kobold blastminers (Orc:2)
  A cyclops (Orc:2)
  A guardian serpent (Desolation)
  3 black mambas
  3 elephants (Lair:4)
  2 molten gargoyles (Desolation)
  11 cane toads
  2 gargoyles
  5 torpor snails
  2 orange demons
  2 smoke demons (Abyss:3)
  4 large abominations (Abyss:3)
  2 anaconda simulacra (IceCv)
  A rime drake (Lair:2)
  4 komodo dragons
  2 freezing wraiths (IceCv)
  13 ice devils (IceCv)
  2 ancient zymes (Abyss:3)
  15 hornets
  2 hydra zombies (Swamp:4)
  6 trolls
  2 bloated husks
  2 hydra skeletons (Swamp:4)
  36 saltlings (Desolation)
  18 tarantellas
  5 polar bears
  An alligator simulacrum (IceCv)
  10 tyrant leeches
  4 raiju (Abyss:3)
  7 blink frogs
  A spectral elephant (Lair:3)
  7 dream sheep (Lair:5)
  A spectral dream sheep (Lair:3)
  22 culicivoras
  A vampire (D:12)
  21 jumping spiders
  2 air elementals
  8 wyverns
  3 dire elephant simulacra (IceCv)
  3 small abominations (Abyss:3)
  A ynoxinul (Abyss:3)
  8 fire elementals
  54 yaks
  2 wraiths
  A basilisk (D:13)
  8 wargs
  3 hogs
  34 redbacks
  2 steam dragons
  9 minotaur simulacra (IceCv)
  10 vampire mosquitoes
  3 neqoxecs (Abyss:3)
  14 swamp worms
  5 hydra simulacra
  2 harpy simulacra (IceCv)
  5 acid dragons
  12 water moccasins
  A naga zombie (Abyss:3)
  A hell hound (Elf:1)
  41 orc warriors
  A spectral blink frog (Lair:3)
  An ettin simulacrum (IceCv)
  3 sky beasts
  2 swamp dragon zombies (Swamp:4)
  6 swamp drakes
  3 black bears
  16 ogres
  6 centaurs
  A swamp dragon skeleton (Swamp:4)
  A phantom (D:5)
  A weeping skull (D:7)
  A kobold brigand (D:9)
  11 bullfrogs
  A wyvern zombie (D:7)
  4 scorpions
  6 deep troll simulacra (IceCv)
  An earth elemental (Elf:1)
  A wight (D:7)
  18 killer bees
  A lindwurm simulacrum (IceCv)
  3 bombardier beetles
  4 howler monkeys
  2 electric eels (Spider:4)
  A centaur zombie (D:7)
  A bullfrog zombie (D:7)
  6 hounds
  A jelly (D:2)
  A sleepcap (D:5)
  A human zombie (D:7)
  30 orc priests
  Crazy Yiuf (D:5)
  An iron imp (Abyss:3)
  4 iguanas
  19 orc wizards
  2 killer bee zombies (D:7)
  4 mummies (D:7)
  11 adders
  10 gnolls
  2 swamp drake zombies (Swamp:4)
  A swamp drake skeleton (Swamp:4)
  2 shadow imps
  A white imp (D:6)
  3 ufetubi
  2 dart slugs
  2 ribbon worms
  85 orcs
  5 ball pythons
  9 endoplasms
  3 giant cockroaches
  6 goblins
  9 hobgoblins
  2 jackals (D:4)
  2 quokkas (D:3)
  2 training dummies (Elf:2)
  5 bats
  6 frilled lizards
  11 kobolds
  6 rats
1204 creatures vanquished.

Vanquished Creatures (collateral kills)
  2 ball lightnings
2 creatures vanquished.

Vanquished Creatures (others)
  A deep elf demonologist (Elf:3)
  A spriggan druid (Swamp:1)
  A deep elf zephyrmancer (Elf:1)
  2 bloated husks (Swamp:2)
  A fire elemental (Elf:2)
  509 ball lightnings
  A boulder (D:10)
  6 foxfires
522 creatures vanquished.

Grand Total: 1728 creatures vanquished

Notes
Turn   | Place    | Note
-------+----------+-------------------------------------------
     0 | D:1      | Zing the Draconian Air Elementalist began the quest for the
                  | Orb.
     0 | D:1      | Reached XP level 1. HP: 14/14 MP: 3/3
   136 | D:1      | Reached XP level 2. HP: 20/20 MP: 1/5
   272 | D:1      | Found Teeck's Distillery.
   739 | D:1      | Reached XP level 3. HP: 27/27 MP: 1/6
  1092 | D:1      | Learned a level 2 spell: Static Discharge
  1426 | D:2      | Reached skill level 1 in Fighting
  1426 | D:2      | Reached XP level 4. HP: 32/35 MP: 1/7
  2518 | D:2      | Reached XP level 5. HP: 40/40 MP: 6/8
  2555 | D:2      | Learned a level 3 spell: Swiftness
  3816 | D:3      | HP: 2/41 [poisoned by a scorpion]
  3819 | D:3      | Reached XP level 6. HP: 11/48 MP: 0/10
  4019 | D:4      | Learned a level 4 spell: Airstrike
  4019 | D:4      | Found a staircase to the Ecumenical Temple.
  4127 | Temple   | Entered the Ecumenical Temple
  4980 | D:4      | Your scales start taking on a golden yellow colour.
  4980 | D:4      | Reached XP level 7. HP: 56/56 MP: 3/11
  4980 | D:4      | Gained mutation: You are resistant to acid. (rCorr) [Yellow
                  | Draconian growth]
  5176 | D:4      | Found Kiokiyx's Magic Scroll Boutique.
  5176 | D:4      | Found Maywefirr's General Store.
  5177 | D:4      | Found Ruun's Assorted Antiques.
  5179 | D:4      | Found Woegeqau's Book Boutique.
  5211 | D:4      | Bought a potion of heal wounds for 50 gold pieces
  5211 | D:4      | Bought a scroll of teleportation for 30 gold pieces
  5218 | D:4      | Bought a ruby potion for 23 gold pieces
  5218 | D:4      | Bought a scroll labelled REOFIESAANI for 26 gold pieces
  5487 | D:5      | Entered Level 5 of the Dungeon
  5503 | D:5      | Found a runed translucent door.
  5504 | D:5      | Noticed Crazy Yiuf
  5527 | D:5      | Reached skill level 5 in Air Magic
  5996 | D:5      | Found a glowing silver altar of Zin.
  5996 | D:5      | Noticed an angel
  6143 | D:5      | Reached XP level 8. HP: 18/63 MP: 1/13
  6751 | D:5      | Killed Crazy Yiuf
  7592 | D:6      | Found Figinlau's Antique Armour Shoppe.
  7658 | D:6      | Found a hide-covered altar of Uskayaw.
  7758 | D:7      | Reached skill level 5 in Conjurations
  7907 | D:7      | Reached skill level 5 in Dodging
  8209 | D:7      | Found a basalt altar of Yredelemnul.
  8528 | Temple   | Became a worshipper of Ashenzari the Shackled
  8598 | D:7      | Found an iron altar of Okawaru.
  8776 | D:7      | Reached XP level 9. HP: 48/71 MP: 1/15
  9146 | D:7      | Found a shimmering blue altar of Sif Muna.
  9298 | D:7      | Learned a level 3 spell: Stone Arrow
  9655 | D:7      | Found a stormy altar of Qazlal.
 10103 | D:8      | Noticed Erica
 10112 | D:8      | Killed Erica
 10113 | D:8      | Reached skill level 5 in Fighting
 10679 | D:8      | Found Neifeidd's Book Emporium.
 10801 | D:8      | Found an ornate altar of the Wu Jian Council.
 11061 | D:8      | Identified a scroll of acquirement
 11063 | D:8      | Acquired the ring of Wiq Qugu {rElec rF+ rC- AC+4 Dex+7}
 11069 | D:8      | Reached * piety under Ashenzari
 11327 | D:9      | Reached XP level 10. HP: 81/81 MP: 0/17
 11544 | D:9      | Reached skill level 5 in Spellcasting
 11640 | D:9      | Noticed Amaemon
 11642 | D:9      | Noticed an orange demon
 11652 | D:9      | Killed Amaemon
 11760 | D:8      | Learned a level 4 spell: Brom's Barrelling Boulder
 11811 | D:9      | Killed an orange demon
 11918 | D:9      | Found an ancient bone altar of Kikubaaqudgha.
 11949 | D:9      | Noticed a two-headed ogre
 11981 | D:9      | Killed a two-headed ogre
 12107 | D:9      | Noticed a two-headed ogre
 12109 | D:9      | Killed a two-headed ogre
 12355 | D:9      | Acquired the -1 pair of boots "Moyw" {^Contam rC++ Dex+3}
 12486 | D:10     | Entered Level 10 of the Dungeon
 12658 | D:10     | Noticed a gargoyle
 12659 | D:10     | Killed a gargoyle
 12777 | D:10     | Noticed a two-headed ogre
 12781 | D:10     | Killed a two-headed ogre
 12882 | D:10     | Found a shadowy altar of Dithmenos.
 12975 | D:10     | Reached XP level 11. HP: 91/91 MP: 9/19
 13221 | D:10     | Found Qaiseuxt's Serpentskin Sales.
 13282 | D:10     | Noticed Fannar
 13410 | D:10     | Killed Fannar
 13713 | D:11     | Found Yveu's Assorted Antiques.
 13713 | D:11     | Found Goupt's Armour Emporium.
 13714 | D:11     | Found Niphuely's Antique Armour Emporium.
 14226 | D:11     | Reached ** piety under Ashenzari
 14425 | D:11     | Found a staircase to the Lair.
 14445 | D:11     | Reached skill level 1 in Maces & Flails
 15204 | D:12     | Reached skill level 10 in Air Magic
 15341 | D:12     | Found a staircase to the Orcish Mines.
 15341 | D:12     | You fall into a shaft and drop 3 floors!
 15341 | D:15     | Entered Level 15 of the Dungeon
 15374 | D:15     | Noticed an orc knight
 15504 | D:14     | Noticed a boulder beetle
 15518 | D:14     | Killed a boulder beetle
 15538 | D:13     | Noticed a skeletal warrior
 15539 | D:13     | Noticed a skeletal warrior
 15539 | D:13     | Noticed a skeletal warrior
 15567 | D:13     | Found Coorph's General Store.
 15598 | D:13     | Noticed a skeletal warrior
 15617 | D:13     | Noticed Urug
 15653 | D:13     | Killed Urug
 15786 | D:13     | Noticed a purple ugly thing
 15787 | D:13     | Noticed a deep elf pyromancer
 15788 | D:13     | Noticed an ironbound preserver
 15789 | D:13     | Found a gate to the Vaults.
 15939 | D:13     | Noticed an ogre mage
 15959 | D:13     | Noticed an arcanist
 16020 | D:13     | Noticed a centaur warrior
 16027 | D:13     | Killed a centaur warrior
 16033 | D:13     | Noticed Erolcha
 16106 | D:13     | Reached XP level 12. HP: 103/103 MP: 2/23
 16120 | D:13     | Noticed a boulder beetle
 16150 | D:12     | Identified Sif Muna's Collected Works on Leadership
 16150 | D:12     | Identified Sif Muna's Grimoire of Minerals
 16150 | D:12     | Identified Sif Muna's Discourse on the Comitatus
 16422 | Lair:1   | Entered Level 1 of the Lair of Beasts
 16422 | Lair:1   | Identified the +0 robe "Necriotui" {+Inv rPois rC- rN+++}
 16429 | Lair:1   | Reached skill level 10 in Conjurations
 16710 | Lair:1   | Identified the +6 scale mail of the Stallion {^Contam rElec
                  | rPois Will+}
 18826 | Lair:2   | Reached skill level 10 in Dodging
 19046 | Lair:3   | Learned a level 3 spell: Hailstorm
 19816 | Lair:3   | Found a hole to the Spider Nest.
 19906 | Lair:3   | Noticed a seven-headed hydra
 19912 | Lair:3   | Killed a seven-headed hydra
 20195 | Lair:3   | Reached XP level 13. HP: 112/112 MP: 5/25
 20436 | Lair:3   | Found a staircase to the Swamp.
 21369 | Lair:4   | Found a runed translucent door.
 21371 | Lair:4   | Found a viscous altar of Jiyva.
 21424 | Lair:4   | Noticed an acid blob
 21431 | Lair:4   | Noticed Kirke
 21997 | Lair:4   | Killed Kirke
 22329 | Lair:4   | Found a staircase to the Slime Pits.
 22336 | Lair:4   | Noticed Nessos
 22358 | Lair:3   | Reached *** piety under Ashenzari
 22477 | Orc:1    | Entered Level 1 of the Orcish Mines
 22525 | Orc:1    | Found Sumeu's Armour Shoppe.
 22621 | Orc:1    | Learned a level 3 spell: Mephitic Cloud
 22802 | Orc:1    | Reached skill level 5 in Maces & Flails
 23280 | Orc:2    | Entered Level 2 of the Orcish Mines
 23974 | Orc:2    | Learned a level 5 spell: Freezing Cloud
 23982 | Orc:2    | Learned a level 6 spell: Conjure Ball Lightning
 24860 | Orc:2    | Found a roughly hewn altar of Beogh.
 25024 | Orc:2    | Found Isujug's Magic Scroll Emporium.
 25044 | Orc:2    | Found Zaeg's General Store.
 25067 | Orc:2    | Bought a scroll of enchant weapon for 120 gold pieces
 25182 | Orc:2    | Gained mutation: You have acidic saliva. [Yellow Draconian
                  | growth]
 25182 | Orc:2    | Reached XP level 14. HP: 119/124 MP: 15/27
 25919 | Orc:2    | Found a staircase to the Elven Halls.
 25999 | Orc:2    | Noticed an orc warlord
 26155 | Orc:2    | Killed an orc warlord
 26333 | Orc:2    | Found a roughly hewn altar of Beogh.
 26474 | Orc:2    | Found Zoeppit's Antique Weapon Boutique.
 26642 | Orc:2    | Found Tesax's Jewellery Shop.
 26655 | Orc:2    | Bought the ring of the Mage {Wiz Archmagi} for 663 gold
                  | pieces
 26655 | Orc:2    | Found the ring of the Mage {Wiz Archmagi}
 27033 | Lair:4   | Killed Nessos
 27232 | Lair:4   | Reached **** piety under Ashenzari
 27659 | Lair:5   | Entered Level 5 of the Lair of Beasts
 27708 | Lair:5   | Reached skill level 10 in Fighting
 29498 | Spider:1 | Entered Level 1 of the Spider Nest
 29842 | Spider:1 | Reached XP level 15. HP: 76/134 MP: 15/29
 30061 | Spider:1 | Identified the serpent talisman of Gravity {Will++}
 30061 | Spider:1 | Noticed Aizul
 30063 | Spider:1 | Killed Aizul
 31359 | Spider:1 | Identified the +5 ring mail "Hemnoosch" {rC+ Will- Str+3
                  | Dex+3}
 32100 | Spider:2 | Found a glacial archway.
 32121 | Spider:2 | HP: 4/134 [spore (6)]
 32130 | IceCv    | Entered an ice cave
 33943 | IceCv    | Found the +8 frozen axe "Frostbite" {freeze, freezing
                  | cloud, *Noise Fly rC+}
 33960 | IceCv    | Identified the +2 hat "Puna" {Str+3}
 34929 | Spider:3 | Reached skill level 1 in Axes
 35046 | Spider:3 | Reached XP level 16. HP: 100/143 MP: 1/31
 35056 | Spider:3 | Learned a level 7 spell: Orb of Destruction
 36622 | Spider:4 | Entered Level 4 of the Spider Nest
 38576 | Spider:4 | Reached skill level 15 in Air Magic
 38776 | Spider:4 | Noticed Roxanne
 39049 | Spider:4 | Killed Roxanne
 39205 | Spider:4 | Found a transporter.
 39208 | Spider:4 | Noticed kosmolit's ghost (adept MiBe)
 39208 | Spider:4 | Identified the +0 hat of Ricewk {Fly rCorr Slay-2}
 39224 | Spider:4 | Found a transporter.
 39240 | Spider:4 | Paralysed by a jorogumo for 1 turns
 40834 | Spider:4 | Reached skill level 10 in Spellcasting
 41057 | Spider:4 | Got a gossamer rune of Zot
 41274 | Swamp:1  | Entered Level 1 of the Swamp
 41551 | Swamp:1  | Reached skill level 15 in Conjurations
 41629 | Swamp:1  | Reached skill level 1 in Shields
 42188 | Swamp:1  | Reached XP level 17. HP: 126/151 MP: 15/32
 45178 | Swamp:3  | Found a runed translucent door.
 45536 | Swamp:4  | Entered Level 4 of the Swamp
 46450 | Swamp:4  | Reached skill level 5 in Axes
 47584 | Swamp:4  | Found a blossoming altar of Fedhas.
 47963 | Swamp:4  | Got a decaying rune of Zot
 48100 | Swamp:4  | Found a basalt altar of Yredelemnul.
 48460 | Elf:1    | Entered Level 1 of the Elven Halls
 48468 | Elf:1    | Reached XP level 18. HP: 161/161 MP: 20/34
 48538 | Elf:1    | Identified the Incunabulum of the Missiles
 48561 | Elf:1    | Noticed Azrael
 48569 | Elf:1    | Found a crumbling gateway.
 48577 | Desolati | Entered the Desolation of Salt
 48607 | Desolati | Reached ***** piety under Ashenzari
 49590 | Desolati | Reached skill level 15 in Dodging
 49953 | Desolati | Learned a level 3 spell: Fugue of the Fallen
 50187 | Desolati | Identified Sasaodgh's Writings on Generative Wicked
                  | Ceremonies
 50447 | Desolati | Found the +10 morningstar "Eos" {elec, Halo rElec}
 50796 | Elf:1    | Killed Azrael
 50861 | Elf:1    | Reached skill level 5 in Shields
 51993 | Elf:2    | Paralysed by an air elemental for 1 turns
 53282 | Elf:2    | Found Dejatrun's Book Emporium.
 53405 | Elf:2    | Paralysed by an air elemental for 1 turns
 53530 | Elf:2    | Found a huge runed translucent gate.
 53532 | Elf:2    | Found a huge runed translucent gate.
 53532 | Elf:2    | Found a huge runed translucent gate.
 53534 | Elf:2    | Found a huge runed translucent gate.
 53534 | Elf:2    | Found a huge runed translucent gate.
 53660 | Elf:2    | Reached XP level 19. HP: 24/170 MP: 27/36
 54998 | Elf:3    | Entered Level 3 of the Elven Halls
 55267 | Elf:3    | Found Lajut's Weapon Shop.
 56140 | Elf:3    | Found Kelepoom's Book Emporium.
 56179 | Abyss:3  | Cast into level 3 of the Abyss (a deep elf sorcerer)
 56197 | Abyss:3  | Found a corrupted altar of Lugonu.
 56325 | Abyss:3  | Found a corrupted altar of Lugonu.
 56333 | Abyss:3  | Found a corrupted altar of Lugonu.
 56333 | Abyss:3  | Found a corrupted altar of Lugonu.
 56343 | Abyss:3  | Gained mutation: Your body sometimes deteriorates upon
                  | taking damage. [a neqoxec]
 56346 | Abyss:3  | Gained mutation: Your body often deteriorates upon taking
                  | damage. [a cacodemon]
 56349 | Abyss:3  | Gained mutation: Your spells are a little easier to cast,
                  | but a little less powerful. [a neqoxec]
 56374 | Abyss:3  | Found a corrupted altar of Lugonu.
 56451 | Abyss:3  | Paralysed by accursed screaming for 1 turns
 56455 | Abyss:3  | Killed from afar by a starcursed mass

Illustrated notes

Levels and vault maps discovered:
D:1:      psy_arrival_terrarium, layout_basic, serial_shops,
          nicolae_shop_industrial_runoff, minmay_parallelograms
D:2:      layout_basic, minmay_misc_feat_tower
D:3:      layout_loops_cross, feat_on_display
D:4:      layout_loops_corners, minmay_temple_entry_glass,
          minmay_shop_grid_forest
D:5:      layout_loops_ring, zin_angel, uniq_crazy_yiuf_cottage
D:6:      layout_basic, general_overflow_altar, serial_shops, shop
D:7:      layout_loops_corners, nicolae_sif_muna_little_library,
          lemuel_mausoleum_altar_yredelemnul,
          mainiacjoe_overflow_small_starburst, nicolae_qazlal_eye_of_the_storm
D:8:      layout_basic, pdpol_wu_jian_five_deadly_venoms, serial_shops,
          nicolae_shop_hallway_stairs, uniq_erica
D:9:      layout_cave_pools, mainiacjoe_overflow_concentric_impassable,
          uniq_amaemon
D:10:     layout_basic, old_standard_altar, guppyfry_shop_venom, uniq_fannar
D:11:     layout_loops_ring, dpeg_lair_monsters, serial_glass, glass_columns_b,
          glass_columns_a, feat_on_display, item_on_display_a,
          nicolae_shop_distant_corner_stores, minmay_misc_feat_nine_boxes
D:12:     layout_big_octagon, orc_0_dummy
D:13:     layout_irregular_city, skrybe_vaults_entry_preservation, serial_shops,
          shop, wad_mini_maze, uniq_urug, uniq_erolcha
D:14:     layout_gridville
D:15:     grunt_enter_depths_hoard, layout_basic, gammafunk_ghost_hive
Temple:   dshaligram_water_room_temple
Lair:1:   layout_chaotic_city, serial_rivers, chequers_serial_rivers_large_a,
          chequers_serial_rivers_small_3, chequers_serial_rivers_small_a,
          chequers_serial_rivers_small_3
Lair:2:   layout_cave_pods
Lair:3:   layout_regular_city, nicolae_swamp_entry_spooky,
          nicolae_spider_entry_lesser_pyramids, amcnicky_mini_pool_medium
Lair:4:   layout_regular_city, slime_entry_2, infiniplex_staircase_pool_2,
          uniq_kirke, uniq_nessos
Lair:5:   evilmike_catoblepas_cave, layout_small_grid
Swamp:1:  layout_basic_swamp, evilmike_swamp_ruin_house_6, swamp_pool_3,
          nicolae_swamp_spriggan_camp
Swamp:2:  layout_basic_swamp, hangedman_swamp_cone
Swamp:3:  layout_basic_swamp, evilmike_swamp_ruin_house_2, swamp_pool_5,
          nzn_swamp_weyward_sisters
Swamp:4:  byrel_swamp_growth_death_and_undeath, layout_basic_swamp
Spider:1: layout_chambers, uniq_aizul
Spider:2: layout_spider_delve, portal_ice_cave_entry_dragon
Spider:3: layout_chambers
Spider:4: grunt_spider_rune_circles, gammafunk_ghost_arena, uniq_roxanne
Orc:1:    layout_diamond_mine, serial_shops, shop, nicolae_orc_hostile_takeover
Orc:2:    pubby_orc_utopia
Elf:1:    minmay_elf_arrival_summoners, layout_onion_city,
          portal_desolation_entry_ruin, minmay_elf_annihilation, uniq_azrael
Elf:2:    elven_hall_of_blades_hangedman_alternative
          [nicolae_blade_entry_diamond_columns], layout_geoelf_octagon,
          serial_shops, shop, nicolae_elf_archery_training
Elf:3:    elf_hall, layout_loops_corners, serial_shops,
          nicolae_shop_bloodbath_and_beyond, nicolae_lakefront_shop, shop,
          evilmike_minifort
Abyss:3:  base:
Lair:5

Skill      XL: |  1  2  3  4  5  6  7  8  9 10 11 12 13 14 15 16 17 18 19 |
---------------+----------------------------------------------------------+-----
Dodging        | 2 3 4 5 6 8 9 10 11 12 13 14 15 16 | 16.0
Fighting       | 1 2 3 4 5 6 7 8 9 10 11 12 13 | 13.8
Conjurations   | 2 3 4 5 7 8 9 11 12 13 14 15 16 17 | 17.3
Air Magic      | 4 5 6 7 9 10 11 12 13 14 15 16 17 | 17.5
Spellcasting   | 3 4 5 6 7 8 9 10 11 | 11.6
Maces & Flails | 2 4 5 6 8 9 |  9.9
Axes           | 1 3 5 6 |  6.0
Shields        | 1 4 5 6 |  6.5
Stealth        | |  1.8

Action                     |  1- 3 |  4- 6 |  7- 9 | 10-12 | 13-15 | 16-18 | 19-21 || total
---------------------------+-------+-------+-------+-------+-------+-------+-------++-------
  Melee: Dagger            |     8 |       |       |       |       |       |       ||     8
         Tailslap          |     2 |     2 |    20 |    69 |   212 |   235 |    35 ||   575
         Spear             |       |     9 |   139 |     8 |       |       |       ||   156
         Demon whip        |       |       |       |   299 |   798 |   806 |       ||  1903
         Bite              |       |       |       |       |   110 |   186 |    32 ||   328
         Morningstar       |       |       |       |       |       |   113 |   155 ||   268
   Cast: Shock             |    53 |   134 |   184 |    95 |    98 |    83 |     4 ||   651
         Static Discharge  |     1 |    19 |    18 |    30 |    43 |    17 |       ||   128
         Swiftness         |       |     1 |       |     3 |     3 |     3 |       ||    10
         Airstrike         |       |       |    27 |   166 |    72 |     9 |    10 ||   284
         Stone Arrow       |       |       |    11 |    10 |    99 |   112 |     8 ||   240
         Brom's Barrelling |       |       |       |     3 |       |       |       ||     3
         Hailstorm         |       |       |       |     1 |    15 |     5 |     3 ||    24
         Conjure Ball Ligh |       |       |       |       |   147 |    61 |     5 ||   213
         Freezing Cloud    |       |       |       |       |     2 |     1 |     1 ||     4
         Orb of Destructio |       |       |       |       |       |   240 |    52 ||   292
         Fugue of the Fall |       |       |       |       |       |     4 |     3 ||     7
         Mephitic Cloud    |       |       |       |       |       |     1 |     1 ||     2
 Invoke: Curse Item        |       |       |     2 |     1 |     3 |     1 |       ||     7
         Shatter the Chain |       |       |       |       |       |     1 |       ||     1
Ability: Breathe Acid      |       |       |       |       |       |     2 |       ||     2
  Evoke: Wand              |       |       |       |    11 |     6 |    10 |       ||    27
    Use: Potion            |       |     4 |     2 |       |     3 |     3 |     3 ||    15
         Scroll            |       |       |     9 |     3 |     6 |     9 |     4 ||    31
   Stab: Sleeping          |       |       |     2 |     2 |     2 |       |       ||     6
         Distracted        |       |       |       |       |     2 |     2 |       ||     4
 Armour: Skin              |    15 |    67 |   168 |   252 |   782 |   777 |   147 ||  2208
  Dodge: Dodged            |    26 |    45 |   202 |   403 |   945 |  1039 |   320 ||  2980
  Block: Buckler           |       |       |       |       |       |   311 |   101 ||   412

Table legend: (Time is in decaauts)
 A = Elapsed time spent in this place.
 B = Non-inter-level travel time spent in this place.
 C = Inter-level travel time spent in this place.
 D = Time resting spent in this place.
 E = Time spent auto-exploring this place.
 F = Levels seen in this place.
 G = Mean time per level.
                   A        B        C        D        E       F      G
               +--------+--------+--------+--------+--------+-----+--------+
         Total |  56153 |  54793 |   1360 |   9681 |  34144 |  37 | 1517.6 |
       Dungeon |  16499 |  15971 |    528 |    970 |  12218 |  15 | 1099.9 |
        Temple |    101 |     83 |     18 |      0 |      0 |   1 |  101.0 |
          Lair |   9133 |   8716 |    417 |   1217 |   6107 |   5 | 1826.6 |
         Swamp |   7088 |   6998 |     90 |   1681 |   3720 |   4 | 1772.0 |
   Spider Nest |   9283 |   9188 |     95 |   2818 |   4725 |   4 | 2320.8 |
  Orcish Mines |   4423 |   4283 |    140 |    268 |   3006 |   2 | 2211.5 |
   Elven Halls |   5476 |   5406 |     70 |   1239 |   3170 |   3 | 1825.3 |
         Abyss |    264 |    264 |      0 |      0 |      0 |   1 |  264.0 |
      Ice Cave |   1810 |   1810 |      0 |    667 |    671 |   1 | 1810.0 |
    Desolation |   2072 |   2072 |      0 |    820 |    525 |   1 | 2072.0 |
               +--------+--------+--------+--------+--------+-----+--------+

Top non-repeatable levels by time:
   Orc:2: 3594 daAuts
Spider:3: 3190 daAuts
Spider:4: 3166 daAuts
  Lair:3: 3015 daAuts
 Swamp:4: 2449 daAuts
     D:7: 2293 daAuts
   Elf:2: 2280 daAuts
Spider:1: 2167 daAuts
   Elf:1: 2135 daAuts
Desolation: 2072 daAuts
 Swamp:3: 2005 daAuts
   IceCv: 1810 daAuts
  Lair:4: 1728 daAuts
  Lair:5: 1657 daAuts
     D:3: 1461 daAuts
